 Dungeon Crawl Stone Soup version 0.22-a0-136-g83a10e5 (webtiles) character file.

41 Firecrotchwizard the Poker (level 3, 0/27 HPs)
             Began as a Merfolk Gladiator on Feb 2, 2018.
             Slain by a gnoll (2 damage)
             ... on level 2 of the Dungeon.
             The game lasted 00:01:57 (979 turns).

Firecrotchwizard the Poker (Merfolk Gladiator)       Turns: 979, Time: 00:01:58

Health: 0/27       AC:  4    Str: 14    XL:     3   Next: 52%
Magic:  3/3        EV: 13    Int:  7    God:
Gold:   42         SH:  4    Dex: 16    Spells: 2/2 levels left

rFire    . . .     SeeInvis .   a - +0 trident
rCold    . . .     Gourm    .   g - +0 buckler
rNeg     . . .     Faith    .   b - +0 leather armour
rPois    .         Spirit   .   c - +0 helmet
rElec    .         Reflect  .   (no cloak)
rCorr    .         Harm     .   (no gloves)
MR       .....                  (no boots)
Stlth    +.........             (no amulet)
HPRegen  0.09/turn              (no ring)
MPRegen  0.08/turn              (no ring)

@: no status effects
A: change form in water, swift swim, stealthy swim
a: no special abilities


You were on level 2 of the Dungeon.
You were not hungry.

You visited 1 branch of the dungeon, and saw 2 of its levels.

You collected 42 gold pieces.

Inventory:

Hand Weapons
 a - a +0 trident (weapon)
Missiles
 d - 3 throwing nets {=f, !d}
Armour
 b - a +0 leather armour (worn)
 c - a +0 helmet (worn)
 g - a +0 buckler (worn)
   (You found it on level 1 of the Dungeon)
Scrolls
 e - a scroll of enchant weapon {unknown}
 j - a scroll of immolation {unknown}
Potions
 h - a potion of haste {unknown}
Comestibles
 f - 4 rations {@e1}


   Skills:
 - Level 2.1 Fighting
 * Level 6.0 Polearms
 - Level 2.0 Throwing
 - Level 4.0 Dodging
 + Level 1.3 Shields


You had 2 spell levels left.
You didn't know any spells.

Dungeon Overview and Level Annotations

Branches:
Dungeon (2/15)

Altars:


Message History

You barely miss the adder.
You feel sick. The adder bites you.
You are more poisoned.
The adder poisons you!
You take 4 damage, and have 14/22 hp.
You are too injured to fight recklessly!
You are too injured to fight recklessly!
You hit the adder but do no damage.
You feel sick. The adder barely misses you.
You take 1 damage, and have 13/22 hp.
You closely miss the adder.
You feel sick. The adder bites you but does no damage.
The adder barely misses you.
You take 1 damage, and have 12/22 hp.
You puncture the adder!
You kill the adder!
Your Shields skill increases to level 1!
You have reached level 3!
Your experience leads to an increase in your attributes!
Increase (S)trength, (I)ntelligence, or (D)exterity?
Uppercase letters only, please.
You feel agile.
You feel sick.
You regained 2 hp, and now have 14/27 hp.
MP restored: 3 You start resting.
You feel sick. x10
Some of the chunks of flesh in your inventory have rotted away.
You feel sick.
You are no longer poisoned.
You take 9 damage, and have 5/27 hp.
MASSIVE DAMAGE!!
You start resting.
All of the chunks of flesh in your inventory have rotted away.
Health restored: 27 An orc comes into view.
It is wielding a dagger.
The orc shouts!
You hit the orc. The orc misses you.
You closely miss the orc. The orc hits you but does no damage.
You barely miss the orc. You block the orc's attack.
You puncture the orc!
You kill the orc!
No target in view!
You see here a dagger.
You see here a dagger.
You see here a dagger. 4 gnolls come into view.
The gnoll shouts! x3
You hit the gnoll but do no damage.
The gnoll hits you from afar with a spear!
The gnoll closely misses you.
You take 8 damage, and have 19/27 hp.
MASSIVE DAMAGE!!
Attack whom?
Aim: a gnoll, wielding a spear You reach to attack!
You hit the gnoll.
Attack whom?
Aim: a gnoll, wielding a spear (heavily wounded)
You reach to attack!
You hit the gnoll.
The gnoll hits you from afar with a spear.
You take 4 damage, and have 15/27 hp.
You are too injured to fight recklessly!
You are too injured to fight recklessly!
Attack whom?
Aim: a gnoll, wielding a spear (severely wounded)
You reach to attack!
You closely miss the gnoll. The gnoll hits you but does no damage.
Attack whom?
Aim: a gnoll, wielding a spear (severely wounded)
The gnoll is in the way.
You barely miss the gnoll.
The gnoll hits you from afar with a spear.
You block the gnoll's attack.
You take 5 damage, and have 10/27 hp.
Attack whom?
Aim: a gnoll, wielding a spear (severely wounded)
You reach to attack!
You closely miss the gnoll.
The gnoll hits you from afar with a spear.
* * * LOW HITPOINT WARNING * * *
The gnoll barely misses you.
You take 2 damage, and have 8/27 hp.
You see here a dagger.
You see here a dagger.
There is a stone staircase leading up here.
There are monsters nearby!
Attack whom?
Aim: a gnoll, wielding a spear (severely wounded)
You reach to attack!
You hit the gnoll.
You kill the gnoll!
Your Polearms skill increases to level 6!
Attack whom?
Aim: a gnoll, wielding a whip You reach to attack!
You hit the gnoll. You hit the gnoll. The gnoll misses you.
You barely miss the gnoll. You block the gnoll's attack.
You barely miss the gnoll. You closely miss the gnoll.
The gnoll closely misses you. The gnoll hits you.
* * * LOW HITPOINT WARNING * * *
You take 6 damage, and have 6/27 hp.
MASSIVE DAMAGE!!
You barely miss the gnoll. You block the gnoll's attack. The gnoll hits you.
* * * LOW HITPOINT WARNING * * *
You take 4 damage, and have 2/27 hp.
You barely miss the gnoll. The gnoll closely misses you. The gnoll hits you.
You die...

#### ..# #.# #######
#.###..)g@#
#.....###g####### #
#.##..#..........
#.#####.##..#.#.######.
#.....g.##......#
####g#####.##.### #.#
#.<..# ##g## ######
##...##


You could see 2 gnolls.

Vanquished Creatures
  A gnoll (D:2)
  An adder (D:2)
  A dart slug (D:1)
  A leopard gecko (D:1)
  An orc (D:2)
  3 bats (D:1)
  A giant cockroach (D:1)
  5 hobgoblins (D:1)
  A kobold (D:1)
  3 rats (D:1)
18 creatures vanquished.

Notes
Turn   | Place    | Note
-------+----------+-------------------------------------------
     0 | D:1      | Firecrotchwizard the Merfolk Gladiator began the quest for the Orb.
     0 | D:1      | Reached XP level 1. HP: 16/16 MP: 1/1
   226 | D:1      | Reached skill level 5 in Polearms
   226 | D:1      | Reached XP level 2. HP: 19/22 MP: 2/2
   617 | D:2      | Reached skill level 1 in Shields
   617 | D:2      | Reached XP level 3. HP: 14/27 MP: 3/3
   637 | D:2      | HP: 6/27 [poisoned by an adder]
   645 | D:2      | HP: 5/27 [poisoned by an adder]
   972 | D:2      | Reached skill level 6 in Polearms
   977 | D:2      | HP: 6/27 [gnoll (6)]
   978 | D:2      | HP: 2/27 [gnoll (4)]
   979 | D:2      | Slain by a gnoll

Vault maps used:
D:1:      nicolae_arrival_memento_mori
D:2:      brannock_xom_greatest_gift, chequers_ecumenical_altar_simple_redux

Skill      XL: |  1  2  3 |
---------------+----------+-----
Polearms       | 5 6 |  6.0
Shields        | 1 |  1.3
Fighting       | |  2.1
Throwing       | |  2.0
Dodging        | |  4.0

Action                   || total
-------------------------++-------
Melee: Trident           ||    73
 Stab: Sleeping          ||     1
Armor: Leather armour    ||    14
Dodge: Dodged            ||    36
Block: Buckler           ||    15

Table legend:
 A = Spawn XP
 B = Non-spawn XP
 C = Spawn XP percentage of total XP
 D = Spawn monster count
 E = Non-spawn monster count
 F = Spawn count percentage of total count
 G = Total turns spent on level
                    A         B        C        D         E        F      G
               +---------+---------+-------+---------+---------+-------+---------
         Total |       0 |      59 |   0.0 |       0 |      18 |   0.0 |   979
               +---------+---------+-------+---------+---------+-------+---------
           D:1 |       0 |      29 |   0.0 |       0 |      15 |   0.0 |   595
           D:2 |       0 |      30 |   0.0 |       0 |       3 |   0.0 |   384
               +---------+---------+-------+---------+---------+-------+---------

Vault maps used:
D:1:      nicolae_arrival_memento_mori
D:2:      brannock_xom_greatest_gift, chequers_ecumenical_altar_simple_redux

Table legend:
 A = Turns spent in this place as a percentage of turns spent in the entire game.
 B = Non-inter-level travel turns spent in this place as a percentage of non-inter-level travel turns spent in the entire game.
 C = Inter-level travel turns spent in this place as a percentage of turns spent in this place.
 D = Turns resting spent in this place as a percentage of non-inter-level travel turns spent in this place.
 E = Turns spent auto-exploring this place as a percentage of non-inter-level travel turns spent in this place.
 F = Non-inter-level travel turns spent in this place divided by the number of levels of this place that you've seen.
                   A       B       C       D       E      F
               +-------+-------+-------+-------+-------+----------------------
         Total | 100.0 | 100.0 |   6.4 |  29.0 |  52.4 | 458.0
       Dungeon | 100.0 | 100.0 |   6.4 |  29.0 |  52.4 | 458.0
               +-------+-------+-------+-------+-------+----------------------

Table legend:
 A = Kills in this place as a percentage of kills in entire the game.
 B = Kills by you in this place as a percentage of kills by you in the entire game.
 C = Kills by friends in this place as a percentage of kills by friends in the entire game.
 D = Other kills in this place as a percentage of other kills in the entire game.
 E = Experience gained in this place as a percentage of experience gained in the entire game.
 F = Experience gained in this place divided by the number of levels of this place that you have seen.
                   A       B       C       D       E      F
               +-------+-------+-------+-------+-------+----------------------
         Total | 100.0 | 100.0 |   N/A |   N/A | 100.0 |  29.5
       Dungeon | 100.0 | 100.0 |   N/A |   N/A | 100.0 |  29.5
               +-------+-------+-------+-------+-------+----------------------
